 Dungeon Crawl Stone Soup version 0.22-a0-224-g8cf3520 (webtiles) character file.

2001 4thArraOfDagon the Fighter (level 9, -3/61 HPs)
             Began as an Octopode Arcane Marksman on Feb 19, 2018.
             Was a Believer of Hepliaklqana.
             Shot with an arrow by a centaur (6 damage)
             ... on level 8 of the Dungeon.
             The game lasted 00:21:59 (5288 turns).

4thArraOfDagon the Fighter (OpAM)                   Turns: 5288, Time: 00:22:00

Health: -3/61      AC:  1    Str:  9    XL:     9   Next: 22%
Magic:  13/13      EV: 15    Int: 19    God:    Hepliaklqana [**....]
Gold:   384        SH:  0    Dex: 12    Spells: 9/10 levels left

rFire    . . .     SeeInvis .   b - scroll of remove curse
rCold    . . .     Gourm    .   (no shield)
rNeg     . . .     Faith    .   (helmet restricted)
rPois    .         Spirit   .   (no amulet)
rElec    .         Reflect  .   o - ring of protection from magic
rCorr    .         Harm     .   (no ring)
MR       +....     Rnd*Tele +   (no ring)
Stlth    ++........             (no ring)
HPRegen  0.20/turn              (no ring)
MPRegen  0.13/turn              (no ring)
                                (no ring)
                                (no ring)

@: no status effects
A: almost no armour, stealthy swim, amphibious, 8 rings, constrict 8, reduced
essence, camouflage 1, mutation resistance 1, teleportitis 1, gelatinous body 1
a: Recall Ancestor, Ancestor Identity, Renounce Religion


You were on level 8 of the Dungeon.
You worshipped Hepliaklqana.
Hepliaklqana was pleased with you.
You were not hungry.

You visited 2 branches of the dungeon, and saw 10 of its levels.

You collected 384 gold pieces.

Inventory:

Hand Weapons
 d - a +2 short sword of speed
 g - a +0 flail of crushing
 k - a +0 broad axe
 s - a +0 scythe of slicing
 u - a +0 flail
 z - a +1 flail of holy wrath
Missiles
 c - 4 javelins (quivered)
Jewellery
 o - a ring of protection from magic (left tentacle)
Wands
 y - a wand of polymorph (1)
Scrolls
 b - a scroll of remove curse (in tentacle)
 f - 4 scrolls of fog
 n - 5 scrolls of teleportation {unknown}
 x - a scroll of immolation {unknown}
 A - a scroll of blinking
 B - a scroll of magic mapping
Potions
 e - 2 potions of might
 h - a potion of haste
 j - 3 potions of curing
 l - a potion of flight
 m - a potion of invisibility
 p - a potion of cancellation {unknown}
 q - 3 potions of brilliance
 r - a potion of berserk rage {unknown}
 t - a potion of agility {unknown}
 v - a potion of lignification
 w - a potion of ambrosia {unknown}
Comestibles
 a - 8 rations


   Skills:
 + Level 9.0 Fighting
 - Level 2.3 Short Blades
 - Level 2.0 Throwing
 + Level 5.4 Dodging
 - Level 1.0 Spellcasting
 - Level 3.0 Hexes
 + Level 5.4 Invocations


You had 9 spell levels left.
You knew the following spells:

 Your Spells              Type           Power        Failure   Level  Hunger
a - Corona                Hex            ##.....      5%          1    ##.....


Dungeon Overview and Level Annotations

Branches:
Dungeon (9/15)             Temple (1/1) D:5
   Lair: D:8-11         Orc: D:9-12

Altars:
Ashenzari
Cheibriados
Dithmenos
Elyvilon
Fedhas
Gozag
Hepliaklqana
Kikubaaqudgha
Makhleb
Nemelex Xobeh
Okawaru
Qazlal
Ru
Sif Muna
Trog
Vehumet
Xom
Yredelemnul
Zin
The Shining One

Shops:
D:5 [

Annotations:
D:5 Dowan, Duvessa


Innate Abilities, Weirdness & Mutations

You cannot wear most types of armour.
You are very stealthy in the water. (Stealth+)
You are amphibious.
You can wear up to eight rings at the same time.
You can use your tentacles to constrict eight enemies at once.
Your skin changes colour to match your surroundings (Stealth+).
Your rubbery body absorbs attacks. (AC +1, EV +1)
Your life essence is reduced to manifest your ancestor. (-10% HP)
You are somewhat resistant to further mutation.
You are occasionally teleported next to monsters.


Message History

Your Fighting skill increases to level 9!
Okay, then.
Wield which item (- for none, * to show all)? (? for menu, Esc to quit)
b - a scroll of remove curse (in tentacle) All of the chunks of flesh in your inventory have rotted away.
You swing at nothing.
You swing at nothing.
You swing at nothing.
You swing at nothing.
You swing at nothing.
You swing at nothing.
You swing at nothing.
You are suddenly yanked towards a nearby monster!
Your surroundings suddenly seem different.
A centaur comes into view.
The centaur shouts!
The centaur wields a shortbow.
The centaur shoots an arrow.
The arrow hits you!
* * * LOW HITPOINT WARNING * * *
The centaur shoots an arrow.
The arrow hits you.
You die...

#####o#oo. #.........
#.###.#... #.# #.#...
#.# #.#... # #
#.###.#...
###########.#.#.....#...
.c..................#...
#.....@..#.##.#....#...
#...............<..#...
#............#.###.#...
#........#...#. #.#
##########...## #.#
#...# #.# # #.# #.# .#


You could see a centaur.

Vanquished Creatures
  Sigmund (D:6)
  An orc warrior (D:6)
  3 ogres
  A centaur (D:5)
  A bullfrog (D:6)
  2 howler monkeys (D:6)
  A bullfrog zombie (D:6)
  A hound (D:4)
  A jelly (D:6)
  An orc priest (D:8)
  3 worker ants
  A howler monkey zombie (D:5)
  4 adders
  12 gnolls
  A howler monkey skeleton (D:7)
  An adder skeleton (D:5)
  2 worms
  3 dart slugs
  4 leopard geckos
  12 orcs
  5 giant cockroaches
  11 goblins
  10 hobgoblins
  6 jackals
  12 kobolds
  3 quokkas
  4 ball pythons
  12 bats
  3 frilled lizards
  A jackal skeleton (D:4)
  11 rats
134 creatures vanquished.

Vanquished Creatures (collateral kills)
  A hungry ghost (D:8)
  Edmund (D:6)
  An ice beast (D:7)
  An orc warrior (D:8)
  2 centaurs
  A scorpion (D:6)
  A crimson imp (D:6)
  An orc priest (D:6)
  A centaur skeleton (D:6)
  A worker ant zombie (D:8)
  3 gnolls
  2 orcs (D:8)
  A giant cockroach (D:3)
17 creatures vanquished.

Vanquished Creatures (others)
  An ancestor (D:3)
1 creature vanquished.

Grand Total: 152 creatures vanquished

Notes
Turn   | Place    | Note
-------+----------+-------------------------------------------
     0 | D:1      | 4thArraOfDagon the Octopode Arcane Marksman began the quest for the Orb.
     0 | D:1      | Reached XP level 1. HP: 13/13 MP: 2/2
   196 | D:1      | Reached skill level 2 in Fighting
   196 | D:1      | Reached XP level 2. HP: 18/19 MP: 3/3
   265 | D:1      | Reached skill level 1 in Short Blades
   370 | D:1      | Reached XP level 3. HP: 18/24 MP: 4/4
   751 | D:2      | Found a sacrificial altar of Ru.
   783 | D:2      | Reached XP level 4. HP: 25/30 MP: 5/5
   842 | D:2      | Found a stormy altar of Qazlal.
   930 | D:2      | Reached skill level 3 in Fighting
  1229 | D:4      | Noticed an ogre
  1235 | D:4      | Killed an ogre
  1235 | D:4      | Reached skill level 4 in Fighting
  1235 | D:4      | Reached XP level 5. HP: 29/38 MP: 6/6
  1250 | D:4      | Noticed a phantom
  1263 | D:4      | Found a deep blue altar of Sif Muna.
  1339 | D:4      | Noticed an ogre
  1371 | D:4      | Reached skill level 5 in Fighting
  1456 | D:4      | Killed an ogre
  1456 | D:4      | Reached XP level 6. HP: 45/45 MP: 7/7
  1495 | D:4      | Found a basalt altar of Yredelemnul.
  1526 | D:5      | Entered Level 5 of the Dungeon
  1528 | D:5      | Found an iron altar of Okawaru.
  1658 | D:5      | Reached skill level 6 in Fighting
  1775 | D:5      | Noticed a phantom
  1830 | D:5      | Found Sihy Egiusmy's Armour Shop.
  1951 | D:5      | Noticed Dowan
  2078 | D:5      | Reached XP level 7. HP: 36/53 MP: 8/8
  2106 | D:5      | Found a staircase to the Ecumenical Temple.
  2114 | Temple   | Entered the Ecumenical Temple
  2155 | Temple   | Became a worshipper of Hepliaklqana the Forgotten
  2531 | D:3      | Gained mutation: You are occasionally teleported next to monsters. [potion of mutation]
  2531 | D:3      | Gained mutation: You are somewhat resistant to further mutation. [potion of mutation]
  2945 | D:1      | Reached * piety under Hepliaklqana
  3177 | D:3      | Reached skill level 7 in Fighting
  3684 | D:5      | Noticed Duvessa
  3690 | D:5      | Found a blossoming altar of Fedhas.
  3892 | D:6      | Reached skill level 1 in Invocations
  3999 | D:6      | Noticed Edmund
  4121 | D:6      | Noticed Sigmund
  4145 | D:6      | Killed Sigmund
  4145 | D:6      | Reached XP level 8. HP: 21/54 MP: 8/10
  4285 | D:6      | Reached ** piety under Hepliaklqana
  4286 | D:6      | Remembered your ancestor Wilfreda as a knight
  4322 | D:6      | Reached skill level 8 in Fighting
  4484 | D:6      | Killed Edmund
  4816 | D:6      | Reached XP level 9. HP: 48/60 MP: 10/12
  4952 | D:8      | Reached skill level 5 in Dodging
  4952 | D:8      | Reached skill level 5 in Invocations
  4989 | D:8      | Noticed a two-headed ogre
  5182 | D:8      | Found a shimmering altar of Xom.
  5182 | D:8      | Found a bloodstained altar of Trog.
  5183 | D:8      | Found a sparkling altar of Nemelex Xobeh.
  5277 | D:8      | Reached skill level 9 in Fighting
  5288 | D:8      | HP: 3/61 [centaur/arrow (11)]
  5288 | D:8      | Shot with an arrow by a centaur

Vault maps used:
D:1:      dpeg_arrival_another_circle, st_stairs_6
D:2:      nicolae_ru_sacrificial_ziggurat, corner_web_ring,
          grunt_qazlal_sundering
D:4:      nicolae_overflow_crystal_walls, yredelemnul_altar_generic,
          lemuel_coloured_pillars_altar
D:5:      minmay_temple_entry_junction_2, basic_altar, serial_shops,
          shop_statue, first_ration, okawaru_ov_weapons_minmay, uniq_duvessa
D:6:      uniq_edmund, uniq_sigmund
D:7:      kennysheep_generic_room_9
D:8:      nicolae_overflow_quartered_altars, hangedman_little_slice_of_home
D:9:      zombieorc2_lemuel, serial_shops, shop
Temple:   dpeg_chambers_temple

Skill      XL: |  1  2  3  4  5  6  7  8  9 |
---------------+----------------------------+-----
Fighting       | 2 4 5 6 7 8 9 |  9.0
Short Blades   | 1 2 |  2.3
Invocations    | 2 4 5 |  5.4
Dodging        | 3 4 5 |  5.4
Throwing       | |  2.0
Spellcasting   | |  1.0
Hexes          | |  3.0

Action                   |  1- 3 |  4- 6 |  7- 9 || total
-------------------------+-------+-------+-------++-------
Melee: Unarmed           |    11 |       |     6 ||    17
       Short sword       |    80 |   117 |   181 ||   378
       Constrict         |    18 |    24 |    40 ||    82
       Tentacles         |     8 |    15 |    25 ||    48
Throw: Javelin           |     1 |    23 |    13 ||    37
       Throwing net      |       |     3 |       ||     3
Invok: Recall Ancestor   |       |       |     7 ||     7
       Ancestor Life: Kn |       |       |     1 ||     1
Evoke: Wand              |       |       |     6 ||     6
  Use: Scroll            |       |    10 |     6 ||    16
       Potion            |       |     1 |     3 ||     4
 Stab: Sleeping          |     9 |     9 |     5 ||    23
       Distracted        |       |       |     1 ||     1
  Eat: Chunk             |       |     3 |    10 ||    13
       Ration            |       |       |     1 ||     1
Armor: Skin              |     4 |     2 |    19 ||    25
Dodge: Dodged            |    42 |    55 |    85 ||   182

Table legend:
 A = Spawn XP
 B = Non-spawn XP
 C = Spawn XP percentage of total XP
 D = Spawn monster count
 E = Non-spawn monster count
 F = Spawn count percentage of total count
 G = Total turns spent on level
                    A         B        C        D         E        F      G
               +---------+---------+-------+---------+---------+-------+---------
         Total |       0 |    2859 |   0.0 |       0 |     151 |   0.0 |  5288
               +---------+---------+-------+---------+---------+-------+---------
           D:1 |       0 |      50 |   0.0 |       0 |      31 |   0.0 |   652
           D:2 |       0 |      61 |   0.0 |       0 |      27 |   0.0 |   608
           D:3 |       0 |     182 |   0.0 |       0 |      35 |   0.0 |   993
           D:4 |       0 |     319 |   0.0 |       0 |      11 |   0.0 |   537
           D:5 |       0 |     263 |   0.0 |       0 |      12 |   0.0 |   694
           D:6 |       0 |    1337 |   0.0 |       0 |      25 |   0.0 |   975
           D:7 |       0 |     150 |   0.0 |       0 |       2 |   0.0 |   229
           D:8 |       0 |     497 |   0.0 |       0 |       8 |   0.0 |   337
               +---------+---------+-------+---------+---------+-------+---------
